 Dungeon Crawl Stone Soup version 0.25-a0-705-ge9988fc0fb (webtiles) character file.

Game seed: 16275286185608586188, levelgen mode: deterministic

21117 Maedhros the Covert (level 12, -5/78 HPs)
             Began as an Octopode Artificer on Apr 4, 2020.
             Was the Champion of Cheibriados.
             Slain by an orc warrior
             ... wielding a +0 halberd
              (22 damage)
             ... on level 8 of the Dungeon.
             The game lasted 00:41:58 (7770 turns).

Maedhros the Covert (Octopode Artificer)            Turns: 7770, Time: 00:41:58

Health: -5/78      AC:  1    Str: 28    XL:     12   Next: 86%
Magic:  0/18       EV: 26    Int: 30    God:    Cheibriados [******]
Gold:   507        SH: 16    Dex: 33    Spells: 11/11 levels left

rFire    + . .     SeeInvis .     - Unarmed
rCold    x . .     Gourm    .   l - +2 kite shield
rNeg     . . .     Faith    .   (helmet restricted)
rPois    .         Spirit   +   G - amulet of guardian spirit
rElec    .         Reflect  .   w - +3 ring of evasion
rCorr    .         Harm     .   a - +2 ring of strength
MR       .....                  A - ring of fire
Stlth    +++++++...             (no ring)
HPRegen  0.23/turn              (no ring)
MPRegen  0.16/turn              (no ring)
                                (no ring)
                                (no ring)

@: marked, very slow
A: almost no armour, stealthy swim, amphibious, 8 rings, constrict 8, camouflage
1, agile 1, blurry vision 1, gelatinous body 1
a: Bend Time, Temporal Distortion, Slouch, Step From Time, Renounce Religion


You were on level 8 of the Dungeon.
You worshipped Cheibriados.
Cheibriados was exalted by your worship.
You were hungry.

You visited 1 branch of the dungeon, and saw 12 of its levels.
You also visited: Sewer and Bailey.

You collected 603 gold pieces.
You spent 96 gold pieces at shops.

Inventory:

Hand Weapons
 r - the +3 mace of Might {holy, Str+3 Int+4}
   (You found it on level 4 of the Dungeon)

   It has been blessed by the Shining One to cause great damage to the undead
   and demons.
   It affects your strength (+3).
   It affects your intelligence (+4).
 u - the +8 mace of Flawed Execution {holy, rPois rC+ MR-}
   (You found it on level 4 of the Dungeon)

   It has been blessed by the Shining One to cause great damage to the undead
   and demons.
   It protects you from cold.
   It protects you from poison.
   It affects your resistance to hostile enchantments.
 K - a +0 fustibalus
Missiles
 i - 4 atropa-tipped darts
 v - 2 javelins
 E - 23 poisoned darts (quivered)
Armour
 l - a +2 kite shield (worn)
Jewellery
 a - a +2 ring of strength (right tentacle)
 w - a +3 ring of evasion (left tentacle)
 A - a ring of fire (on tentacle)
 G - an amulet of guardian spirit (around mantle)
Wands
 H - a wand of digging (5)
Scrolls
 g - 6 scrolls of teleportation
 j - 6 scrolls of remove curse
 n - 4 scrolls of immolation {unknown}
 q - 2 scrolls of fear {unknown}
 x - 2 scrolls of random uselessness {unknown}
 y - 4 scrolls of magic mapping {unknown}
 C - a scroll of fog {unknown}
 I - a scroll of blinking {unknown}
Potions
 c - a potion of invisibility {unknown}
 d - 2 potions of berserk rage {unknown}
 e - 4 potions of curing
 h - 3 potions of brilliance
 k - 3 potions of might
 m - a potion of stabbing {unknown}
 o - 4 potions of flight
 p - a potion of magic {unknown}
 s - a potion of heal wounds
 z - 2 potions of degeneration {unknown}
 B - 2 potions of haste {unknown}
 D - a potion of lignification
Miscellaneous
 J - a phantom mirror
Comestibles
 f - 24 rations


   Skills:
 * Level 5.7 Fighting
   Level 1.0 Short Blades
 + Level 9.0 Dodging
 + Level 12.4 Stealth
 + Level 8.7 Shields
 - Level 10.0 Unarmed Combat
 - Level 6.0 Invocations
 - Level 8.7 Evocations


You had 11 spell levels left.
You didn't know any spells.
Your spell library was empty.

Dungeon Overview and Level Annotations

Branches:
Dungeon (12/15)            Temple (0/1) D:6            Lair (0/6) D:11
    Orc (0/2) D:10          Sewer (visited)          Bailey (visited)

Altars:
Cheibriados
Makhleb
Ru
Trog
Vehumet
The Shining One

Shops:
D:4 *}[[(   D:5 (

Annotations:
D:8 2 transporters, Zajic's ghost, novice MiBe


Innate Abilities, Weirdness & Mutations

You cannot wear most types of armour.
You are very stealthy in the water. (Stealth+)
You are amphibious.
You can wear up to eight rings at the same time.
You can use your tentacles to constrict eight enemies at once.
Your skin changes colour to match your surroundings (Stealth+).
Your rubbery body absorbs attacks. (AC +1, EV +1)
You are agile. (Dex +2)
Scrolls take you a little longer to read.


Message History

* * * LOW HITPOINT WARNING * * *
Evoke which item? (* to show all) (? for menu, Esc to quit)
Okay, then.
Evoke which item? (* to show all) (? for menu, Esc to quit)
Okay, then.
You feel better. You block the orc's attack.
You batter the orc!!
You kill the orc!
Cheibriados appreciates the change of pace.
You block the orc warrior's attack. You block the orc's attack.
You block the orc warrior's attack.
A warg comes into view.
You block the orc's attack.
The orc warrior hits you with a +0 halberd!
* * * LOW HITPOINT WARNING * * *
Items here: ) [ ††† a +0 leather armour; a +0 dagger; an orc corpse; a warg corpse x2
You feel better. The orc misses you.
The orc warrior hits you with a +0 halberd!!
You die...

≈≈≈≈≈≈≈....≈≈≈≈≈≈≈≈≈
≈≈≈≈≈))....)≈≈≈≈≈≈≈≈
......))....†...[...
#######''''#########
......#.)..#
.#.##.#....#
.#....#....#
#######....#########')##
.)..).#....#.h..@o).)...
)).)..'....'..8#o)).....
......'....'..8#..##''##
......#8..8#......# ..#
################### .


You could see a warg, an orc warrior and an orc.

Vanquished Creatures
  A fire dragon (D:11)
  Harold (D:7)
  2 two-headed ogres
  Pikel (D:8)
  4 orc knights
  An ugly thing (D:11)
  2 gargoyles (D:11)
  A troll (D:10)
  2 wolves (D:8)
  4 hornets
  5 slime creatures (D:12)
  Prince Ribbit (D:7)
  4 hippogriffs
  A wraith (D:11)
  18 yaks
  3 vampire mosquitoes (D:9)
  9 wargs (D:8)
  Edmund (D:6)
  A water moccasin (D:10)
  3 sky beasts
  A hornet zombie (D:12)
  4 ice beasts
  Purgy (Sewer)
  4 phantoms
  5 ogres
  17 orc warriors
  A centaur (D:9)
  3 big kobolds
  12 bullfrogs
  6 scorpions
  7 wights
  4 howler monkeys
  9 crimson imps
  2 bullfrog zombies
  2 centaur zombies
  9 hounds
  8 orc priests
  5 orc wizards
  A bullfrog skeleton (D:11)
  2 centaur skeletons
  2 jellies (D:10)
  Crazy Yiuf (D:4)
  3 iguanas
  8 worker ants
  A hound skeleton (D:10)
  A worker ant zombie (D:9)
  4 gnolls
  10 adders
  A howler monkey skeleton (D:5)
  An ooze (D:1)
  An adder zombie (D:9)
  An adder skeleton (D:10)
  2 worms
  6 leopard geckos
  71 orcs
  3 giant cockroaches
  A hobgoblin (D:3)
  2 jackals (D:2)
  24 kobolds
  5 quokkas
  2 ball pythons (Sewer)
  2 bats (D:3)
  6 frilled lizards
  6 goblins
  A leopard gecko skeleton (D:6)
  6 rats
339 creatures vanquished.

Vanquished Creatures (collateral kills)
  An orc knight (Bailey)
  Grum (D:8)
  4 orc warriors (Bailey)
  A wolf (D:8)
  An orc priest (D:8)
  3 gnolls
  4 orcs
  2 jackals (D:2)
  A quokka (D:8)
18 creatures vanquished.

Vanquished Creatures (others)
  3 slaves (D:8)
  An orc warrior (Bailey)
  A jelly (D:9)
  An orc (D:8)
6 creatures vanquished.

Grand Total: 363 creatures vanquished

Notes
Turn   | Place    | Note
-------+----------+-------------------------------------------
     0 | D:1      | Maedhros the Octopode Artificer began the quest for the
                  | Orb.
     0 | D:1      | Reached XP level 1. HP: 13/13 MP: 3/3
    54 | D:1      | Reached skill level 2 in Stealth
    76 | D:2      | Reached XP level 2. HP: 11/18 MP: 4/4
   434 | D:2      | Reached skill level 3 in Stealth
   434 | D:2      | Reached XP level 3. HP: 19/23 MP: 5/5
   971 | D:3      | Reached XP level 4. HP: 11/28 MP: 7/7
  1118 | D:3      | Noticed a phantom
  1139 | D:3      | Found a burning altar of Makhleb.
  1575 | D:4      | Found a glowing drain.
  1592 | D:4      | Reached skill level 1 in Shields
  1608 | Sewer    | Entered a sewer
  1742 | Sewer    | Noticed Purgy
  1759 | Sewer    | Killed Purgy
  1759 | Sewer    | Reached skill level 4 in Stealth
  1759 | Sewer    | Reached XP level 5. HP: 22/33 MP: 8/8
  2154 | D:4      | Found Xossoumi's Antique Weapon Shop.
  2155 | D:4      | Found Plog's Antique Armour Shoppe.
  2239 | D:4      | Got a brightly glowing mace
  2240 | D:4      | Identified the +3 mace of Might {holy, Str+3 Int+4} (You
                  | found it on level 4 of the Dungeon)
  2242 | D:4      | Found a runed translucent door.
  2243 | D:4      | Noticed Crazy Yiuf
  2246 | D:4      | Got a bone mace
  2252 | D:4      | Got a crystal mace
  2254 | D:4      | Got a slimy mace
  2255 | D:4      | Identified the +3 mace "Ihunusa" {holy, Int+4} (You found
                  | it on level 4 of the Dungeon)
  2256 | D:4      | Identified the +3 mace "Rianoehe" {speed, *Slow rF+++ SInv
                  | Stlth+} (You found it on level 4 of the Dungeon)
  2257 | D:4      | Identified the +8 mace of Flawed Execution {holy, rPois rC+
                  | MR-} (You found it on level 4 of the Dungeon)
  2258 | D:4      | Killed Crazy Yiuf
  2276 | D:4      | Found Uxkyvavy's Gadget Emporium.
  2279 | D:4      | Bought a wand of paralysis (6) for 96 gold pieces
  2311 | D:4      | Found Mewageon's Assorted Antiques.
  2347 | D:5      | Entered Level 5 of the Dungeon
  2364 | D:5      | Noticed a sky beast
  2411 | D:5      | Reached XP level 6. HP: 31/38 MP: 9/9
  2460 | D:5      | Reached skill level 5 in Stealth
  2460 | D:5      | Reached skill level 5 in Evocations
  2561 | D:5      | Found Kuffoatz's Antique Weapon Shop.
  2761 | D:5      | Found a glowing golden altar of the Shining One.
  2761 | D:5      | Found a radiant altar of Vehumet.
  2762 | D:5      | Found a snail-covered altar of Cheibriados.
  2768 | D:5      | Became a worshipper of Cheibriados the Contemplative
  2824 | D:3      | Reached XP level 7. HP: 43/43 MP: 10/10
  3336 | D:5      | Reached skill level 1 in Unarmed Combat
  3403 | D:5      | Reached skill level 6 in Stealth
  3411 | D:4      | Found a sacrificial altar of Ru.
  3466 | D:4      | Found Yvvyiciu's Antique Armour Boutique.
  3626 | D:6      | Found a staircase to the Ecumenical Temple.
  3680 | D:6      | Reached XP level 8. HP: 40/48 MP: 12/12
  3735 | D:6      | Reached * piety under Cheibriados
  3753 | D:6      | Noticed Edmund
  3759 | D:6      | Killed Edmund
  3763 | D:6      | Noticed a two-headed ogre
  3781 | D:6      | Killed a two-headed ogre
  3781 | D:6      | Reached skill level 5 in Dodging
  3781 | D:6      | Reached skill level 7 in Stealth
  3781 | D:6      | Reached XP level 9. HP: 53/53 MP: 13/13
  3847 | D:6      | Reached skill level 5 in Unarmed Combat
  3895 | D:7      | Noticed Prince Ribbit
  3912 | D:7      | Noticed Harold
  3955 | D:7      | Identified the cursed +1 rapier "Potahexob" {antimagic,
                  | Str+8 Dex+2}
  3965 | D:7      | Reached skill level 5 in Shields
  4001 | D:7      | Killed Prince Ribbit
  4001 | D:7      | Reached skill level 8 in Stealth
  4249 | D:7      | Paralysed by Harold for 2 turns
  4254 | D:7      | Killed Harold
  4277 | D:7      | Found the +4 moon troll leather armour {Spirit, Regen++
                  | MP+5}
  4348 | D:7      | Reached XP level 10. HP: 31/58 MP: 15/15
  4356 | D:7      | Reached skill level 9 in Stealth
  4472 | D:8      | Reached ** piety under Cheibriados
  4589 | D:8      | Noticed Grum
  4603 | D:8      | Killed Grum
  4716 | D:8      | Found a transporter.
  4736 | D:8      | Noticed Zajic's ghost (novice MiBe)
  4748 | D:8      | Found a transporter.
  4919 | D:8      | Reached *** piety under Cheibriados
  5206 | D:9      | Found a flagged portal.
  5217 | D:9      | Reached **** piety under Cheibriados
  5227 | Bailey   | Entered a bailey
  5227 | Bailey   | Noticed an orc knight
  5236 | Bailey   | Reached skill level 10 in Stealth
  5247 | Bailey   | Killed an orc knight
  5268 | Bailey   | Killed an orc warrior
  5268 | Bailey   | Reached XP level 11. HP: 18/63 MP: 4/17
  5323 | Bailey   | Noticed an orc knight
  5336 | Bailey   | Killed an orc knight
  5374 | Bailey   | Gained mutation: Scrolls take you a little longer to read.
                  | [potion of mutation]
  5374 | Bailey   | Gained mutation: You are agile. (Dex +2) [potion of
                  | mutation]
  5436 | D:9      | Reached skill level 1 in Invocations
  5698 | D:9      | Noticed a moth of wrath
  5701 | D:9      | Found a bloodstained altar of Trog.
  5776 | D:9      | Reached ***** piety under Cheibriados
  5819 | D:10     | Entered Level 10 of the Dungeon
  6158 | D:10     | Reached skill level 11 in Stealth
  6335 | D:11     | Found a staircase to the Lair.
  6337 | D:11     | Noticed a fire dragon
  6346 | D:11     | Killed a fire dragon
  6401 | D:11     | Reached skill level 5 in Invocations
  6471 | D:10     | Reached XP level 12. HP: 68/68 MP: 18/18
  6480 | D:10     | Found a staircase to the Orcish Mines.
  6497 | D:10     | Reached skill level 10 in Unarmed Combat
  6680 | D:11     | Noticed a two-headed ogre
  6683 | D:11     | Reached ****** piety under Cheibriados
  6687 | D:11     | Killed a two-headed ogre
  7164 | D:12     | Reached skill level 12 in Stealth
  7405 | D:12     | Noticed a death knight
  7523 | D:8      | Identified the +3 leather armour of Youthful Indiscretion
                  | {MR++ MP+9 Str-2}
  7544 | D:8      | Noticed Pikel
  7559 | D:8      | Killed Pikel
  7641 | D:8      | Reached skill level 5 in Fighting
  7770 | D:8      | Slain by an orc warrior

Levels and vault maps discovered:
D:1:      elethiomel_arrival_quiet, layout_loops_ring
D:2:      layout_basic, st_stairs_11, grunt_ministairs_8
D:3:      layout_basic, lemuel_round_altar, serial_bayou_ford_a
D:4:      layout_loops_ring, nicolae_ru_sacrificial_ziggurat, first_ration,
          gup_sewer_entry_pipe, serial_shops, kennysheep_mini_moat, shop,
          kennysheep_mini, shop_statue, nicolae_shop_overgrown_old_shop,
          minmay_misc_feat_five, uniq_crazy_yiuf_cottage
D:5:      layout_basic, gammafunk_temple_overflow_claw, serial_shops, shop
D:6:      layout_gridville, overflow_temple_1_default,
          minmay_temple_entry_slanted, uniq_edmund
D:7:      layout_rooms, uniq_harold, uniq_prince_ribbit1
D:8:      lemuel_castle_with_subvaults [lemuel_castle_interior_carwin_2],
          layout_basic, gammafunk_ghost_stat_death, uniq_maurice, uniq_pikel,
          uniq_grum
D:9:      layout_roguey, tgw_trog, enter_bailey_3
D:10:     layout_irregular_city, david_orc_2
D:11:     layout_gridville, minmay_lair_entry_lava
D:12:     layout_irregular_city

Skill      XL: |  1  2  3  4  5  6  7  8  9 10 11 12 |
---------------+-------------------------------------+-----
Stealth        | 2 3 4 5 6 7 8 10 11 12 | 12.4
Evocations     | 4 5 6 7 8 |  8.7
Shields        | 1 2 3 4 5 6 7 8 |  8.7
Dodging        | 3 4 5 6 7 8 9 |  9.0
Unarmed Combat | 2 4 6 8 9 10 | 10.0
Invocations    | 5 6 |  6.0
Fighting       | 5 |  5.7
Short Blades   | |  1.0

Action                   |  1- 3 |  4- 6 |  7- 9 | 10-12 || total
-------------------------+-------+-------+-------+-------++-------
Melee: Short sword       |    45 |    41 |       |       ||    86
       Tentacles         |     7 |     7 |    17 |   182 ||   213
       Constrict         |    13 |    17 |    18 |    99 ||   147
       Mace              |       |    29 |   103 |   186 ||   318
       Punch             |       |       |     1 |    73 ||    74
       Unarmed           |       |       |       |   362 ||   362
Throw: Dart              |       |       |       |     2 ||     2
Invok: Slouch            |       |       |       |     5 ||     5
Evoke: Wand              |     2 |     4 |    22 |    45 ||    73
  Use: Scroll            |       |       |       |     9 ||     9
       Potion            |       |       |       |    10 ||    10
 Stab: Sleeping          |     2 |     8 |    10 |    11 ||    31
       Paralysed         |       |       |    11 |    15 ||    26
       Distracted        |       |       |     1 |     4 ||     5
       Betrayed ally     |       |       |       |     2 ||     2
  Eat: Chunk             |       |     5 |     5 |     8 ||    18
Armor: Skin              |     7 |     2 |     2 |    13 ||    24
Dodge: Dodged            |    32 |    35 |    47 |   294 ||   408
Block: Kite shield       |     5 |    25 |    53 |   385 ||   468

Table legend:
 A = Non-vault XP
 B = Vault XP
 C = Vault XP percentage of total XP
 D = Non-vault monster count
 E = Vault monster count
 F = Vault count percentage of total count
                 A         B        C        D         E       F
            +---------+---------+-------+---------+---------+-------
      Total |   20356 |    9812 |  32.5 |     260 |      97 |  27.2
            +---------+---------+-------+---------+---------+-------
        D:1 |      17 |       0 |   0.0 |       8 |       0 |   0.0
        D:2 |      27 |       8 |  22.9 |       8 |       4 |  33.3
        D:3 |     200 |       0 |   0.0 |      12 |       0 |   0.0
        D:4 |      70 |      52 |  42.6 |       9 |       6 |  40.0
        D:5 |     560 |       0 |   0.0 |      12 |       0 |   0.0
        D:6 |    1643 |     154 |   8.6 |      16 |       1 |   5.9
        D:7 |    1188 |    1271 |  51.7 |      13 |       2 |  13.3
        D:8 |    1104 |    5125 |  82.3 |      27 |      44 |  62.0
        D:9 |    3001 |      16 |   0.5 |      39 |       8 |  17.0
       D:10 |    5184 |      18 |   0.3 |      46 |       6 |  11.5
       D:11 |    3760 |    1049 |  21.8 |      41 |       1 |   2.4
       D:12 |    3602 |       0 |   0.0 |      29 |       0 |   0.0
      Sewer |       0 |     171 | 100.0 |       0 |       8 | 100.0
     Bailey |       0 |    1948 | 100.0 |       0 |      17 | 100.0
            +---------+---------+-------+---------+---------+-------
